[Event "Titled Tuesday Blitz February 01 B 2022"]
[White "Christiansen, Johan-Sebastian"]
[Black "Paravyan, David"]
[WhiteFideId "1512668"]
[BlackFideId "4194985"]
[WhiteElo "2513"]
[BlackElo "2569"]
[Result "1/2-1/2"]
[Round "02"]
[TimeControl "180+1"]
[Date "2022.02.01"]
[WhiteClock "0:00:10"]
[BlackClock "0:00:08"]

1. e4 e5 2. Nf3 Nf6 3. Nc3 Nc6 4. a3 d5 5. Bb5 d4 6. Ne2 Bd6 7. c3 dxc3 8. d4 Nd7 9. bxc3 O-O 10. O-O a6 11. Bd3 Nb6 12. h3 Bd7 13. Be3 f6 14. Qb3+ Kh8 15. Ng3 Na5 16. Qa2 Bb5 17. Qe2 Qe8 18. Nf5 Bxd3 19. Qxd3 Nbc4 20. N3h4 Rd8 21. Bc1 b5 22. Qg3 Qf7 23. d5 Nb3 24. Ra2 g6 25. Nxd6 cxd6 26. Bh6 Rg8 27. f4 Nc5 28. fxe5 dxe5 29. Re2 Nd6 30. Qf3 g5 31. Nf5 Nxf5 32. Qxf5 Rg6 33. Bxg5 Nd7 34. Bh4 Qg7 35. Kh2 Rg8 36. Rff2 Qh6 37. g3 R8g7 38. Qe6 Nf8 39. Qe8 Rg8 40. d6 Qg7 41. Qe7 Nd7 42. Rf3 Qxe7 43. dxe7 Re8 44. Rd2 Rxe7 45. Rd6 Rf7 46. Rxa6 Kg7 47. Rc6 Nb8 48. Rb6 Nd7 49. Rxb5 Nf8 50. Rb6 f5 51. Rb5 fxe4 52. Rxf7+ Kxf7 53. Rxe5 Rc6 54. Rxe4 Rxc3 55. Rf4+ Kg8 56. a4 Ng6 57. Rb4 Ra3 58. Bf6 Kf7 59. Bd4 Ke6 60. Bb2 Ra2 61. Kg1 Ne7 62. Re4+ Kf7 63. Bc3 Nd5 64. Ba5 Nf6 65. Rf4 Kg6 66. Bc3 Nd5 67. Rg4+ Kf5 68. Be1 h5 69. Rd4 Nf6 70. Rf4+ Kg6 71. Bc3 Nd5 72. Rc4 Nxc3 73. Rxc3 Rxa4 74. Kg2 Ra6 75. Rc5 Rf6 76. h4 Kh6 77. Rg5 Ra6 78. Rd5 Ra2+ 79. Kf3 Ra6 80. Kf4 Rf6+ 81. Rf5 Kg6 82. Rxf6+ Kxf6 83. Ke4 Ke6 84. Kd4 Kd6 85. Kd3 Kd5 86. Ke3 Ke5 87. Kf3 Kf5 88. Ke3 Ke5 89. Kd3 Kd5 90. Kd2 Kd4 91. Ke2 Ke4 92. Kf2 Ke5 93. Ke3 Kf5 94. Kf3 Ke5 95. Ke3 Kf5 96. Kf2 Ke5 97. Ke3 1/2-1/2


[Site "https://www.chess.com"]

[Event "Titled Tuesday Blitz February 01 B 2022"]
[White "Cunha, Lucas Aguiar"]
[Black "Lenderman, Aleksandr"]
[WhiteFideId "2125404"]
[BlackFideId "2021285"]
[WhiteElo "2361"]
[BlackElo "2651"]
[Result "1/2-1/2"]
[Round "02"]
[TimeControl "180+1"]
[Date "2022.02.01"]
[WhiteClock "0:02:58"]
[BlackClock "0:02:01"]

1. e4 d6 2. d4 Nf6 3. Nc3 e5 4. Nf3 Nbd7 5. Bc4 Be7 6. Ng5 O-O 7. Bxf7+ Rxf7 8. Ne6 Qe8 9. Nxc7 Qd8 10. Nxa8 b6 11. Nb5 a6 12. Nac7 axb5 13. Ne6 Qe8 1/2-1/2


[Site "https://www.chess.com"]

[Event "Titled Tuesday Blitz February 01 B 2022"]
[White "Deac, Bogdan-Daniel"]
[Black "Vakhlamov, Igor L."]
[WhiteFideId "1226380"]
[BlackFideId "24126748"]
[WhiteElo "2646"]
[BlackElo "2401"]
[Result "1-0"]
[Round "02"]
[TimeControl "180+1"]
[Date "2022.02.01"]
[WhiteClock "0:00:25"]
[BlackClock "0:00:11"]

1. e4 c5 2. Nf3 Nc6 3. Bb5 g6 4. O-O Bg7 5. c3 Nf6 6. Re1 O-O 7. d4 cxd4 8. cxd4 a6 9. Bf1 d5 10. e5 Ne4 11. h3 f6 12. exf6 Bxf6 13. Nc3 Bf5 14. Bh6 Rf7 15. Nxe4 dxe4 16. Ng5 Bxg5 17. Bxg5 Qxd4 18. Qb3 h5 19. Qxb7 Rc8 20. Be3 Qb4 21. Bxa6 Qa5 22. Bc4 Ne5 23. Bxf7+ Kxf7 24. Bg5 Rc7 25. Qb3+ Be6 26. Qe3 Nc4 27. Qxe4 Bf5 28. Qe2 e5 29. Rac1 Be6 30. b3 Nd6 31. Rxc7+ Qxc7 32. Qxe5 Qd7 33. Qf6+ Kg8 34. Qxe6+ Qxe6 35. Rxe6 Kf7 36. Rxd6 h4 37. f4 Ke8 38. a4 Kf7 39. a5 Kg7 40. a6 Kh7 41. a7 Kg8 42. Kf2 Kf8 43. Kf3 Kf7 44. Kg4 Kg7 45. Kxh4 Kh7 46. Kg3 Kh8 47. Kf3 Kg7 48. Ke4 Kf7 49. g4 Kf8 50. h4 Kg7 51. Ke5 Kh7 52. b4 Kh8 53. b5 Kh7 54. b6 Kg7 55. b7 Kh7 56. b8=Q Kg7 57. Qb7+ Kg8 58. a8=Q# 1-0


[Site "https://www.chess.com"]

[Event "Titled Tuesday Blitz February 01 B 2022"]
[White "Dev, Shah"]
[Black "Sviridov, Valery"]
[WhiteFideId "35019058"]
[BlackFideId "4120680"]
[WhiteElo "2098"]
[BlackElo "2454"]
[Result "0-1"]
[Round "02"]
[TimeControl "180+1"]
[Date "2022.02.01"]
[WhiteClock "0:01:29"]
[BlackClock "0:02:45"]

1. d4 g6 2. c4 Bg7 3. Nf3 d6 4. g3 Nf6 5. Bg2 O-O 6. O-O Nbd7 7. Nc3 e5 8. e4 Re8 9. Re1 c6 10. h3 a5 11. Be3 exd4 12. Nxd4 Nc5 13. Qc2 a4 14. Rad1 Qa5 15. Bf4 Nfd7 16. Bxd6 Ne5 17. b3 Rd8 18. Bxc5 Qxc5 19. Ne6 Bxe6 0-1


[Site "https://www.chess.com"]

[Event "Titled Tuesday Blitz February 01 B 2022"]
[White "Drygalov, Andrey"]
[Black "Potapova, Margarita"]
[WhiteFideId "24171735"]
[BlackFideId "14126869"]
[WhiteElo "2540"]
[BlackElo "2209"]
[Result "1-0"]
[Round "02"]
[TimeControl "180+1"]
[Date "2022.02.01"]
[WhiteClock "0:00:14"]
[BlackClock "0:00:02"]

1. e4 c5 2. Nf3 d6 3. d4 cxd4 4. Nxd4 Nf6 5. Nc3 a6 6. Be3 e5 7. Nb3 Be6 8. f3 Be7 9. Qd2 O-O 10. O-O-O Nbd7 11. g4 b5 12. g5 Nh5 13. Nd5 Bxd5 14. exd5 f6 15. gxf6 Bxf6 16. Na5 Qc7 17. c4 Kh8 18. Kb1 Nf4 19. Nc6 Nb8 20. cxb5 axb5 21. Bxb5 Nxc6 22. Bxc6 Ra6 23. Rc1 Qf7 24. Qc2 Nxd5 25. Qb3 Qg6+ 26. Ka1 Nxe3 27. Qxe3 Qf7 28. a3 d5 29. Qd3 Qa7 30. Ka2 e4 31. fxe4 dxe4 32. Qxe4 Qb6 33. Rc2 Rb8 34. Bb7 Ra7 35. Rhc1 g6 36. Qf4 Raxb7 37. Rc8+ Rxc8 38. Rxc8+ Kg7 39. b4 Qe6+ 40. Qc4 Qxc4+ 41. Rxc4 Rd7 42. Kb3 Rd3+ 43. Ka4 Rd7 44. Rc6 Bb2 45. b5 Ra7+ 46. Kb3 Rxa3+ 47. Kxb2 Ra5 48. b6 Rb5+ 49. Kc3 Rb1 50. Rc7+ Kh6 51. b7 Rc1+ 52. Kd2 Rb1 53. Kc2 Rb6 54. Kd3 Rb1 55. Kc4 Rc1+ 56. Kd5 Rb1 57. Kc6 g5 58. Kd7 g4 59. Kc8 Kg5 60. Rxh7 Kf4 61. b8=Q+ 1-0


[Site "https://www.chess.com"]

[Event "Titled Tuesday Blitz February 01 B 2022"]
[White "Erigaisi Arjun"]
[Black "Manukyan, Artyom"]
[WhiteFideId "35009192"]
[BlackFideId "13305786"]
[WhiteElo "2745"]
[BlackElo "2034"]
[Result "1-0"]
[Round "02"]
[TimeControl "180+1"]
[Date "2022.02.01"]
[WhiteClock "0:02:30"]
[BlackClock "0:01:39"]

1. e4 c5 2. Nf3 d6 3. b3 Nf6 4. Nc3 g6 5. Bb2 Bg7 6. Bb5+ Bd7 7. Bxd7+ Nbxd7 8. d3 O-O 9. O-O a6 10. a4 Rb8 11. a5 Qc7 12. Nd2 Rbd8 13. Nc4 Nb8 14. Nb6 Nc6 15. Ncd5 Nxd5 16. Bxg7 Kxg7 17. exd5 Nxa5 18. Na4 b5 19. Nb2 Qb6 20. Qe1 Nb7 21. Qxe7 Rfe8 22. Qh4 Re2 23. Rac1 Rde8 24. Nd1 R8e5 25. Nc3 Rd2 26. Qf4 Rde2 27. Nxe2 Rxe2 28. Rfe1 Rxe1+ 29. Rxe1 Qc7 30. h4 h5 31. Qg5 Nd8 32. Re7 Qa5 33. Kh2 Qc3 34. Rd7 1-0


[Site "https://www.chess.com"]

[Event "Titled Tuesday Blitz February 01 B 2022"]
[White "Goltsev, Dmitry"]
[Black "Willow, Jonah B"]
[WhiteFideId "24176710"]
[BlackFideId "438804"]
[WhiteElo "2273"]
[BlackElo "2261"]
[Result "0-1"]
[Round "02"]
[TimeControl "180+1"]
[Date "2022.02.01"]
[WhiteClock "0:01:17"]
[BlackClock "0:01:24"]

1. e4 c5 2. Nf3 Nc6 3. d4 cxd4 4. Nxd4 g6 5. Nc3 Bg7 6. Be3 Nf6 7. Be2 O-O 8. O-O d5 9. exd5 Nxd5 10. Nxd5 Qxd5 11. Bf3 Qc4 12. Be2 Qd5 13. Bf3 Qd7 14. Nxc6 bxc6 15. Qxd7 Bxd7 16. Rad1 Be6 17. b3 Rfc8 18. c4 a5 19. Bc5 Bf6 20. Rfe1 a4 21. Bb6 axb3 22. axb3 Rab8 23. c5 Bxb3 24. Rd7 Be6 25. Ra7 Bd5 26. Bxd5 cxd5 27. Rd7 e6 28. Rc1 Rxb6 29. g3 Rbc6 30. Kg2 Rxc5 31. Rb1 R8c7 32. Rb8+ Kg7 33. Rd6 R5c6 34. Rxc6 Rxc6 35. h4 h5 36. f4 d4 37. Rb7 d3 38. Rd7 Rc3 39. Kf3 d2+ 40. Ke2 Rxg3 41. Kxd2 Bxh4 42. Ke2 Rg4 43. Kf3 Bg3 44. Kg2 Bxf4+ 45. Kh3 e5 46. Rxf7+ Kh6 47. Rh7+ Kg5 48. Rxh5+ Kf6 49. Rf5+ Kg7 50. Kxg4 gxf5+ 51. Kh5 e4 52. Kh4 e3 53. Kh5 e2 54. Kh4 e1=Q+ 55. Kh3 Qg3# 0-1


[Site "https://www.chess.com"]

[Event "Titled Tuesday Blitz February 01 B 2022"]
[White "Grigoriants, Sergey"]
[Black "Grebeniuk, Semen"]
[WhiteFideId "4130804"]
[BlackFideId "14117509"]
[WhiteElo "2502"]
[BlackElo "2234"]
[Result "1-0"]
[Round "02"]
[TimeControl "180+1"]
[Date "2022.02.01"]
[WhiteClock "0:00:06"]
[BlackClock "0:00:11"]

1. e4 d5 2. exd5 Qxd5 3. Nc3 Qa5 4. Bc4 Nf6 5. d3 c6 6. Bd2 Qc7 7. Qe2 Nbd7 8. a3 e5 9. O-O-O Bd6 10. Ba2 O-O 11. g4 Nb6 12. g5 Nfd5 13. Ne4 Be6 14. Kb1 Rfe8 15. h4 Nf4 16. Bxf4 Bxa2+ 17. Kxa2 exf4 18. Qg4 Bf8 19. h5 Rad8 20. Ne2 Nd5 21. c4 Nb6 22. h6 Rxe4 23. dxe4 Nxc4 24. Rxd8 Qxd8 25. Rc1 Qd3 26. Rc3 Ne5 27. Rxd3 Nxg4 28. Rd8 gxh6 29. gxh6 Nxh6 30. Nxf4 Ng4 31. Nh3 Kg7 32. Rd7 b5 33. Rxa7 Ne5 34. b3 Bc5 35. Ra6 Bd4 36. f4 Nd3 37. Rxc6 Be3 38. Kb1 b4 39. a4 Bd2 40. a5 Bc3 41. a6 h5 42. a7 Nc5 43. Rxc5 Bd4 44. Rg5+ Kh6 45. a8=Q Bf6 46. Qf8+ Bg7 47. Qxg7# 1-0


[Site "https://www.chess.com"]

[Event "Titled Tuesday Blitz February 01 B 2022"]
[White "Hardaway, Brewington"]
[Black "Martinez Alcantara, Jose Eduardo"]
[WhiteFideId "30941849"]
[BlackFideId "3805662"]
[WhiteElo "1768"]
[BlackElo "2690"]
[Result "0-1"]
[Round "02"]
[TimeControl "180+1"]
[Date "2022.02.01"]
[WhiteClock "0:00:15"]
[BlackClock "0:00:54"]

1. e4 c5 2. Nf3 d6 3. d4 cxd4 4. Nxd4 Nf6 5. Nc3 a6 6. a4 e5 7. Nb3 Be7 8. Be3 O-O 9. f3 Be6 10. Nd5 Bxd5 11. exd5 Nbd7 12. Qd2 b6 13. Be2 Qc7 14. O-O Rfc8 15. c4 Nc5 16. Nxc5 bxc5 17. Bd1 Rab8 18. b3 g6 19. Bc2 Re8 20. Rae1 Qd8 21. Qc3 Nh5 22. g4 Nf4 23. Bxf4 exf4 24. Qd2 Bf6 25. Qxf4 Be5 26. Qd2 Qf6 27. g5 Qf4 28. Qxf4 Bxf4 29. h4 Bg3 30. Re4 Rxe4 31. Bxe4 Bxh4 32. f4 Re8 33. Bg2 Be1 34. Kh2 Re2 35. Kh3 Bc3 36. Rf3 Bd4 37. f5 Be3 38. fxg6 hxg6 39. Bf1 Re1 40. Kg4 Kg7 41. Kh4 Bc1 42. Kg4 Re4+ 43. Kg3 Bxg5 44. Bd3 Re5 45. Kg4 Bd2 46. Bc2 f5+ 47. Kg3 Kf6 48. Rf2 Be1 0-1


[Site "https://www.chess.com"]

[Event "Titled Tuesday Blitz February 01 B 2022"]
[White "Hess, Robert"]
[Black "Krishnan, Varun"]
[WhiteFideId "2022036"]
[BlackFideId "5054508"]
[WhiteElo "2557"]
[BlackElo "2558"]
[Result "1-0"]
[Round "02"]
[TimeControl "180+1"]
[Date "2022.02.01"]
[WhiteClock "0:00:03"]
[BlackClock "0:00:04"]

1. b3 e5 2. Bb2 Nc6 3. h3 d5 4. d3 Nf6 5. Nd2 Bd6 6. a3 O-O 7. g4 h6 8. Bg2 Re8 9. e3 e4 10. dxe4 Nxe4 11. Nxe4 dxe4 12. Ne2 Ne5 13. Ng3 Ng6 14. Qd4 f6 15. Bxe4 Ne5 16. Nf5 Bxf5 17. gxf5 Qe7 18. Bxb7 Rad8 19. Qe4 c6 20. Bxc6 Nxc6 21. Qxc6 Be5 22. Bxe5 Qxe5 23. O-O Qxf5 24. Kg2 Re5 25. Rad1 Rc8 26. Qd7 Qg6+ 27. Kh2 Rxc2 28. Rd2 Rxd2 29. Qxd2 Rg5 30. f4 Rc5 31. Rf2 Qe4 32. Rg2 Rd5 33. Qf2 Rd3 34. Qg3 g6 35. Qxg6+ Qxg6 36. Rxg6+ Kf7 37. Rxh6 Rxb3 38. Rh7+ Kg6 39. Rxa7 Rxe3 40. Ra4 Kh5 41. Kg2 f5 42. Ra8 Rb3 43. Rg8 Kh4 44. Rh8# 1-0


[Site "https://www.chess.com"]

[Event "Titled Tuesday Blitz February 01 B 2022"]
[White "Isajevsky, Anton"]
[Black "Bortnyk, Olexandr"]
[WhiteFideId "4142500"]
[BlackFideId "14120828"]
[WhiteElo "2510"]
[BlackElo "2723"]
[Result "0-1"]
[Round "02"]
[TimeControl "180+1"]
[Date "2022.02.01"]
[WhiteClock "0:00:14"]
[BlackClock "0:00:38"]

1. c4 Nf6 2. Nc3 d6 3. g3 g6 4. Bg2 Bg7 5. e3 O-O 6. Nge2 c6 7. O-O Bf5 8. d3 Qc8 9. Re1 a5 10. b3 Na6 11. Bb2 e5 12. a3 h5 13. Ne4 Bxe4 14. dxe4 Rd8 15. Nc3 Qe6 16. Qc2 Rac8 17. Rad1 b5 18. Bf1 b4 19. axb4 Nxb4 20. Qb1 Rb8 21. Na4 Bf8 22. Bc3 Rd7 23. Rd2 Rdb7 24. Rb2 h4 25. Be2 Be7 26. Kg2 Kg7 27. Qd1 Nxe4 28. Bf3 Ng5 29. Bg4 f5 30. Be2 Ne4 31. Bf3 Nxc3 32. Nxc3 e4 33. Be2 Bf6 34. Qd2 Na6 0-1


[Site "https://www.chess.com"]

[Event "Titled Tuesday Blitz February 01 B 2022"]
[White "Jones, Gawain C B"]
[Black "Ezat, Mohamed"]
[WhiteFideId "409561"]
[BlackFideId "10600906"]
[WhiteElo "2657"]
[BlackElo "2386"]
[Result "1/2-1/2"]
[Round "02"]
[TimeControl "180+1"]
[Date "2022.02.01"]
[WhiteClock "0:00:06"]
[BlackClock "0:00:08"]

1. Nf3 Nf6 2. g3 g6 3. b3 Bg7 4. Bb2 O-O 5. Bg2 d6 6. d4 e5 7. dxe5 Ng4 8. O-O Nc6 9. c4 a5 10. Nc3 Ngxe5 11. Nxe5 Nxe5 12. h3 Bd7 13. Qc2 a4 14. Nxa4 Bxa4 15. bxa4 Ra7 16. c5 dxc5 17. Qxc5 b6 18. Qc2 Qe7 19. Rfd1 Qb4 20. Rac1 Qxa4 21. Qxa4 Rxa4 22. Bd5 Nf3+ 23. exf3 Bxb2 24. Rxc7 Rd4 25. Rxd4 Bxd4 26. f4 Bc5 27. Kg2 Kg7 28. g4 h6 29. Kf3 Kf6 30. h4 g5 31. fxg5+ hxg5 32. h5 Kg7 33. Rc6 f5 34. Rg6+ Kh7 35. Kg3 fxg4 36. Rxg5 Kh6 37. Kxg4 Rxf2 38. Rg6+ Kh7 39. Re6 Rd2 40. Be4+ Kh8 41. h6 Rd8 42. Bg6 Rg8 43. Kf5 Rf8+ 44. Kg4 Rg8 45. Kh5 Rd8 46. Bf7 Rd5+ 47. Kg6 Rd6 48. Rxd6 Bxd6 49. Bd5 Bc5 50. Be4 Bg1 51. Kf7 Bc5 52. Ke6 Bg1 53. Kd5 Bf2 54. Kc4 Bg1 55. Kb5 Bf2 56. a4 Bg1 57. Kc6 Bf2 58. Kd6 Bg1 1/2-1/2


[Site "https://www.chess.com"]

[Event "Titled Tuesday Blitz February 01 B 2022"]
[White "Kobalia, Mikhail"]
[Black "Larino Nieto, David"]
[WhiteFideId "4119150"]
[BlackFideId "2256444"]
[WhiteElo "2667"]
[BlackElo "2532"]
[Result "1-0"]
[Round "02"]
[TimeControl "180+1"]
[Date "2022.02.01"]
[WhiteClock "0:00:51"]
[BlackClock "0:00:02"]

1. e4 c6 2. d4 g6 3. Nf3 d5 4. Nc3 Bg7 5. h3 dxe4 6. Nxe4 Nf6 7. Bd3 O-O 8. O-O Nxe4 9. Bxe4 Nd7 10. Bg5 h6 11. Bf4 f5 12. Bd3 g5 13. Bc4+ Kh7 14. Nxg5+ hxg5 15. Qh5+ Bh6 16. Bxg5 Rf6 17. Bxf6 Nxf6 18. Qf7+ Bg7 19. Rfe1 e6 20. Bxe6 Qf8 21. Qxf8 Bxf8 22. Bxc8 Rxc8 23. Re6 Kg6 24. Rae1 Rd8 25. c3 c5 26. dxc5 Bxc5 27. b4 Bd6 28. Kf1 Kf7 29. R6e3 Ne4 30. Rd1 b5 31. g4 Be7 32. Rxd8 Bxd8 33. gxf5 Nd6 34. Re5 Bf6 35. Rc5 Ke7 36. Rc7+ Kd8 37. Rxa7 Bxc3 38. a3 Nxf5 39. Rb7 Nd6 40. Ra7 Bf6 41. Kg2 Bd4 42. Ra8+ Kd7 43. h4 Nf5 44. h5 Ke6 45. h6 1-0


[Site "https://www.chess.com"]

[Event "Titled Tuesday Blitz February 01 B 2022"]
[White "Kozusek, Daniel"]
[Black "Xiong, Jeffery"]
[WhiteFideId "349500"]
[BlackFideId "2047640"]
[WhiteElo "2206"]
[BlackElo "2727"]
[Result "1/2-1/2"]
[Round "02"]
[TimeControl "180+1"]
[Date "2022.02.01"]
[WhiteClock "0:00:49"]
[BlackClock "0:00:17"]

1. d4 d5 2. c4 dxc4 3. e3 Nf6 4. Bxc4 e6 5. Nf3 c5 6. dxc5 Qxd1+ 7. Kxd1 Bxc5 8. Ke2 O-O 9. a3 Be7 10. b4 b6 11. Bb2 Bb7 12. Nbd2 Nbd7 13. Rac1 Rfd8 14. Rhd1 Ne8 15. Bd3 f6 16. Be4 Bxe4 17. Nxe4 Kf7 18. Nd4 Nb8 19. Nb5 Rxd1 20. Rxd1 a6 21. Nbd6+ Nxd6 22. Nxd6+ Kf8 23. Nc8 Nd7 24. Nxe7 Kxe7 25. Rc1 Kd8 26. g4 Rc8 27. Rxc8+ Kxc8 28. g5 Kc7 29. gxf6 gxf6 30. f4 Kc6 31. Kd3 Kb5 32. e4 Ka4 33. f5 exf5 34. exf5 Kb3 35. Bc1 Ne5+ 36. Ke4 Kc4 37. Bb2 Nd7 38. h4 h5 39. Ba1 a5 40. bxa5 bxa5 41. Bd4 a4 42. Ba1 Nc5+ 43. Kf4 Nd7 44. Ke4 Nc5+ 45. Kf4 Nd7 46. Ke4 1/2-1/2


[Site "https://www.chess.com"]

[Event "Titled Tuesday Blitz February 01 B 2022"]
[White "Kravtsiv, Martyn"]
[Black "Martin Duque, Jesus"]
[WhiteFideId "14113147"]
[BlackFideId "2208954"]
[WhiteElo "2694"]
[BlackElo "2243"]
[Result "1-0"]
[Round "02"]
[TimeControl "180+1"]
[Date "2022.02.01"]
[WhiteClock "0:00:17"]
[BlackClock "0:00:01"]

1. e4 c5 2. Nf3 e6 3. d4 cxd4 4. Nxd4 Nc6 5. Nc3 Qc7 6. Be2 a6 7. O-O Nf6 8. Be3 Be7 9. f4 d6 10. Kh1 O-O 11. Qe1 Nxd4 12. Bxd4 b5 13. Qg3 Bb7 14. a3 Rad8 15. Rae1 Qd7 16. Bf3 Bc6 17. Nd1 g6 18. c3 Qb7 19. Nf2 a5 20. e5 dxe5 21. fxe5 Nd5 22. Ne4 b4 23. axb4 axb4 24. Nf6+ Nxf6 25. exf6 Bd6 26. Qh4 Rfe8 27. Bxc6 Qxc6 28. Re5 bxc3 29. bxc3 Bf8 30. h3 Rd5 31. Qe4 Qc4 32. Ra1 Rxe5 33. Qxe5 Rd8 34. Qa5 Rc8 35. Qa6 h5 36. Qxc4 Rxc4 37. Ra8 g5 38. Kg1 g4 39. hxg4 hxg4 40. Kf2 Rc7 41. Kg3 Rc4 42. Kh4 Rc6 43. Kxg4 Rc7 44. Kf3 Rc4 45. Ke4 1-0


[Site "https://www.chess.com"]

[Event "Titled Tuesday Blitz February 01 B 2022"]
[White "Lopez Mulet, Inigo"]
[Black "Timofeev, Artyom"]
[WhiteFideId "22235620"]
[BlackFideId "4140419"]
[WhiteElo "2315"]
[BlackElo "2583"]
[Result "0-1"]
[Round "02"]
[TimeControl "180+1"]
[Date "2022.02.01"]
[WhiteClock "0:00:19"]
[BlackClock "0:00:51"]

1. d4 d5 2. c4 e6 3. Nf3 c6 4. Nc3 dxc4 5. a4 Bb4 6. e3 b5 7. Ne5 Bb7 8. Qf3 Qe7 9. Qg3 g6 10. Bd2 Bxc3 11. bxc3 Nf6 12. f3 Nbd7 13. Be2 O-O 14. e4 Nxe5 15. dxe5 Nd7 16. Be3 f6 17. exf6 Qxf6 18. Bd4 e5 19. Be3 Qe7 20. O-O Nc5 21. Rfd1 Nxa4 22. Bxc4+ Kh8 23. Rd7 Qxd7 24. Qxe5+ Qg7 25. Bd4 Rg8 26. Bxg8 Qxe5 27. Bxe5+ Kxg8 28. Kf2 Rd8 29. Ke3 c5 30. c4 a6 31. Rb1 Bc6 32. h4 bxc4 33. h5 gxh5 34. Kf4 c3 35. Kg5 Kf7 36. Kf5 c2 37. Rc1 Rd2 38. g3 Nb6 39. Bc3 Rg2 40. e5 Bd7+ 41. Kf4 Nd5+ 0-1


[Site "https://www.chess.com"]

[Event "Titled Tuesday Blitz February 01 B 2022"]
[White "Mustafayev, Farid"]
[Black "Sarana, Alexey"]
[WhiteFideId "13408771"]
[BlackFideId "24133795"]
[WhiteElo "2129"]
[BlackElo "2665"]
[Result "1-0"]
[Round "02"]
[TimeControl "180+1"]
[Date "2022.02.01"]
[WhiteClock "0:01:22"]
[BlackClock "0:01:35"]

1. Nf3 d5 2. b3 Nf6 3. Bb2 g6 4. e3 Bg7 5. Be2 O-O 6. O-O Bf5 7. c4 c6 8. d3 Nbd7 9. Nbd2 Nc5 10. Ne1 Rc8 11. Rc1 Re8 12. Ndf3 Qa5 13. a3 Qd8 14. Ne5 h5 15. N1f3 dxc4 16. bxc4 Ng4 17. e4 Be6 18. Qc2 Bh6 19. Rcd1 f6 20. Nxg6 Bf7 21. Ngh4 e6 22. h3 Bg5 23. hxg4 hxg4 24. Nxg5 fxg5 25. Qc3 e5 26. Nf5 Bh5 27. Bxg4 Bxg4 28. Nh6+ Kh7 29. Nxg4 Ne6 30. Qxe5 Nf4 31. Qg7# 1-0


[Site "https://www.chess.com"]

[Event "Titled Tuesday Blitz February 01 B 2022"]
[White "Naroditsky, Daniel"]
[Black "Garriga Cazorla, Pere"]
[WhiteFideId "2026961"]
[BlackFideId "32011601"]
[WhiteElo "2608"]
[BlackElo "2458"]
[Result "1-0"]
[Round "02"]
[TimeControl "180+1"]
[Date "2022.02.01"]
[WhiteClock "0:00:16"]
[BlackClock "0:00:11"]

1. e4 c5 2. Nf3 d6 3. Bb5+ Nd7 4. O-O Nf6 5. Re1 a6 6. Bf1 b6 7. c4 Bb7 8. Nc3 e6 9. d4 cxd4 10. Nxd4 Be7 11. b3 Rc8 12. Bb2 O-O 13. Qd2 Rc7 14. Rad1 Qa8 15. f3 Re8 16. Kh1 Bf8 17. Nc2 Rcc8 18. Ne3 Nc5 19. Qf2 Ncd7 20. Qg3 Nh5 21. Qh4 Nhf6 22. g4 Ne5 23. Bg2 Ng6 24. Qg3 h5 25. h3 h4 26. Qh2 Bc6 27. Ne2 b5 28. Nf4 Ne5 29. c5 Nxf3 30. Bxf3 Nxe4 31. Kg1 Nxc5 32. Bxc6 Qxc6 33. Qg2 Ne4 34. g5 d5 35. g6 Rc7 36. Qg4 Bc5 37. Qxh4 fxg6 38. Nxg6 e5 39. Qh8+ Kf7 40. Nxe5+ Rxe5 41. Bxe5 Qg6+ 42. Kh2 Bd6 43. Rf1+ Ke6 44. Qg8+ Kxe5 45. Qxd5# 1-0


[Site "https://www.chess.com"]

[Event "Titled Tuesday Blitz February 01 B 2022"]
[White "Niemann, Hans Moke"]
[Black "Beerdsen, Thomas"]
[WhiteFideId "2093596"]
[BlackFideId "1030108"]
[WhiteElo "2636"]
[BlackElo "2585"]
[Result "1-0"]
[Round "02"]
[TimeControl "180+1"]
[Date "2022.02.01"]
[WhiteClock "0:00:30"]
[BlackClock "0:00:01"]

1. d4 d5 2. Nc3 Nf6 3. Bf4 a6 4. e3 Bg4 5. f3 Bh5 6. g4 Bg6 7. h4 h6 8. Bd3 Bxd3 9. Qxd3 e6 10. Nge2 c5 11. O-O-O c4 12. Qd2 b5 13. Ng3 b4 14. Nce2 c3 15. Qd3 Qa5 16. Kb1 Nbd7 17. g5 Nb6 18. Bc7 Nfd7 19. g6 f6 20. Nf4 Qa4 21. Nxe6 Nc4 22. Qf5 Qc6 23. b3 Na3+ 24. Kc1 Nb5 25. Ba5 Nd6 26. Qxd5 Qxd5 27. Nc7+ Kd8 28. Nxd5+ Kc8 29. Bxb4 a5 30. Bxc3 1-0


[Site "https://www.chess.com"]

[Event "Titled Tuesday Blitz February 01 B 2022"]
[White "Papasimakopoulos, Alexandros"]
[Black "Jobava, Baadur"]
[WhiteFideId "4244125"]
[BlackFideId "13601520"]
[WhiteElo "2340"]
[BlackElo "2617"]
[Result "0-1"]
[Round "02"]
[TimeControl "180+1"]
[Date "2022.02.01"]
[WhiteClock "0:00:37"]
[BlackClock "0:00:17"]

1. d4 d5 2. c4 dxc4 3. Nf3 Nf6 4. e3 Bg4 5. Bxc4 e6 6. O-O Bd6 7. Be2 O-O 8. Nbd2 Nbd7 9. Nc4 Be7 10. b3 c5 11. Bb2 cxd4 12. Nxd4 Bxe2 13. Qxe2 Qb8 14. Rfd1 Rd8 15. Rac1 h6 16. h3 a6 17. Na5 Bb4 18. Nc4 Qa7 19. Nf3 Rac8 20. Nce5 Rxc1 21. Rxc1 Nxe5 22. Bxe5 Nd7 23. Bd4 Qb8 24. Qc4 Bd6 25. Bb2 Bf8 26. Qc7 Nc5 27. Qxb8 Rxb8 28. Bd4 Nd3 29. Rc7 Nb4 30. Ne5 Bd6 31. Rxf7 Bxe5 32. Bxe5 Kxf7 33. Bxb8 Nxa2 34. Bd6 a5 35. Ba3 Nc3 36. Kf1 b5 37. Bb2 Ne4 38. Ke2 Nc5 39. b4 axb4 40. f3 g6 41. e4 Ke7 42. Be5 Kd7 43. Kd2 h5 44. h4 Kc6 45. Bf6 Nd7 46. Bd4 Nc5 47. Bf6 Kb6 48. Be7 Nb3+ 49. Kc2 Nd4+ 50. Kd3 Nc6 51. Bd6 Ka5 52. g4 Ka4 53. gxh5 gxh5 54. f4 b3 55. f5 exf5 56. exf5 b4 57. f6 Nd8 58. Kd2 Ka3 59. Kc1 Ka2 60. Be5 Nf7 61. Bd4 Nd6 62. Be5 Nc4 63. f7 Nxe5 64. f8=Q b2+ 65. Kd2 b1=Q 66. Qa8+ Kb2 67. Qc8 Qd3+ 68. Ke1 Qc3+ 0-1


[Site "https://www.chess.com"]

[Event "Titled Tuesday Blitz February 01 B 2022"]
[White "Papp, Levente"]
[Black "Sjugirov, Sanan"]
[WhiteFideId "751243"]
[BlackFideId "4189302"]
[WhiteElo "2308"]
[BlackElo "2602"]
[Result "1/2-1/2"]
[Round "02"]
[TimeControl "180+1"]
[Date "2022.02.01"]
[WhiteClock "0:00:10"]
[BlackClock "0:00:06"]

1. c4 e5 2. g3 Nc6 3. Nc3 g6 4. Bg2 Bg7 5. e3 d6 6. Nge2 Be6 7. Nd5 Qd7 8. d4 Nd8 9. b3 c6 10. Ndc3 Ne7 11. dxe5 dxe5 12. Qxd7+ Bxd7 13. Ba3 f5 14. Rd1 Ne6 15. h4 e4 16. Nd4 Rd8 17. Nce2 Kf7 18. O-O b6 19. Nxe6 Bxe6 20. f3 exf3 21. Bxf3 c5 22. Nf4 Bf6 23. Nxe6 Kxe6 24. e4 Rxd1 25. Rxd1 Bd4+ 26. Kg2 Rf8 27. exf5+ Nxf5 28. Bc1 Kf6 29. Bg5+ Kg7 30. g4 Nd6 31. Re1 Bf6 32. Bd5 Bxg5 33. hxg5 Re8 34. Rxe8 Nxe8 35. Kf3 h6 36. gxh6+ Kxh6 37. Kf4 Kg7 38. g5 Kf8 39. Ke5 Ke7 40. Be4 Kf7 41. Kd5 Nc7+ 42. Kc6 Ne6 43. Bd5 Ke7 44. Be4 Kf7 45. Bd5 Ke7 46. Be4 Nxg5 47. Bxg6 Nf3 48. Kb7 Kd6 49. Kxa7 Kc7 50. Ka6 Nd4 51. Be4 Ne2 52. Bd3 Nc1 53. Bb1 Ne2 54. a3 Nd4 55. b4 cxb4 56. axb4 Nc6 57. Kb5 Nd4+ 58. Ka4 Nc6 59. c5 bxc5 60. bxc5 Ne5 61. Be4 Nd7 62. c6 Ne5 63. Kb5 Nxc6 1/2-1/2


[Site "https://www.chess.com"]

[Event "Titled Tuesday Blitz February 01 B 2022"]
[White "Postnikov, Daniil"]
[Black "Moiseenko, Alexander"]
[WhiteFideId "4166329"]
[BlackFideId "14102560"]
[WhiteElo "2261"]
[BlackElo "2577"]
[Result "0-1"]
[Round "02"]
[TimeControl "180+1"]
[Date "2022.02.01"]
[WhiteClock "0:00:05"]
[BlackClock "0:00:39"]

1. e4 c5 2. Nf3 Nc6 3. Bb5 e6 4. O-O Nge7 5. Re1 Ng6 6. c3 d5 7. exd5 Qxd5 8. d4 cxd4 9. c4 Qd6 10. Nbd2 Bd7 11. Ne4 Qc7 12. Nxd4 Rd8 13. Bg5 Be7 14. Bxe7 Ngxe7 15. c5 O-O 16. Nb3 Nf5 17. Qh5 Nb4 18. Bxd7 Rxd7 19. Qe2 Rfd8 20. Red1 Nd3 21. Nd6 Nxc5 22. Nxf5 Nxb3 23. Ne7+ Rxe7 24. axb3 Red7 25. Rxd7 Qxd7 26. g3 a6 27. Rc1 h6 28. Qe5 Qd5 29. Qxd5 Rxd5 30. Rc7 Rb5 31. Rc3 g5 32. Kf1 Kg7 33. Ke2 f5 34. Kd2 Kf6 35. Kc2 Ke5 36. Re3+ Kd6 37. Rd3+ Rd5 38. Rc3 Rc5 0-1


[Site "https://www.chess.com"]